 Dungeon Crawl Stone Soup version 0.30.0-20-g3615ddf2f0 (webtiles) character file.

Game seed: 13640972365912208150

530 qw the Chopper (level 7, 0/43 HPs)
             Began as a Gargoyle Fighter on May 29, 2023.
             Slain by a wight
             ... wielding a +0 spear
              (2 damage)
             ... on level 4 of the Dungeon.
             The game lasted 00:01:48 (3581 turns).

qw the Chopper (Gargoyle Fighter)                   Turns: 3581, Time: 00:01:48

Health: 0/43       AC: 21    Str: 21    XL:     7   Next: 24%
Magic:  7/7        EV:  8    Int:  9    God:
Gold:   262        SH:  4    Dex:  9    Spells: 6/6 levels left

rFire   + . .        Y - +1 war axe
rCold   . . .        c - +0 buckler
rNeg    + . .        e - +1 chain mail "Vinaplogh" {rF+}
rPois   inf          (no helmet)
rElec   +            m - +1 cloak
rCorr   .            (no gloves)
SInv    .            (no boots)
Will    .....        (no amulet) Stlth
                     j - +4 ring of protection
HPRegen 0.27/turn    (no ring)
MPRegen 0.10/turn

%: no passive effects
@: about to teleport
A: sickness immunity, AC +4, negative energy resistance 1, electricity
resistance, torment resistance 1, petrification resistance
a: no special abilities


You were on level 4 of the Dungeon.
You visited 2 branches of the dungeon, and saw 5 of its levels.

You collected 1026 gold pieces.
You spent 764 gold pieces at shops.


Innate Abilities, Weirdness & Mutations

You are immune to sickness and miasma.
Your stone body is resilient. (AC +4)
You are immune to poison.
You resist negative energy. (rN+)
You are resistant to electric shocks. (rElec)
You are resistant to unholy torment.
You are immune to petrification.


   Skills:
 - Level 4.0 Fighting
 + Level 6.5 Axes
 - Level 3.2 Armour
 - Level 1.2 Dodging
 - Level 3.2 Shields


You had 6 spell levels left.
You didn't know any spells.
Your spell library was empty.

Inventory:

Hand Weapons
 h - a +2 hand axe of flaming
 Y - a +1 war axe (weapon)
Missiles
 i - 2 boomerangs (quivered)
Armour
 c - a +0 buckler (worn)
 e - the +1 chain mail "Vinaplogh" (worn) {rF+}
   (You bought it in a shop on level 4 of the Dungeon)

   rF:        It protects you from fire.
 m - a +1 cloak (worn)
Jewellery
 j - a +4 ring of protection (left hand)
Scrolls
 a - 2 scrolls of identify
 g - a scroll of poison {unknown}
 q - 2 scrolls of teleportation
Potions
 b - a potion of resistance
 d - a potion of might
 f - 7 potions of curing
 k - a potion of mutation
 l - a potion of cancellation {unknown}
 n - a potion of lignification {unknown}
 r - a potion of flight {unknown}
 s - a potion of haste

Dungeon Overview and Level Annotations

Branches:
Dungeon (4/15)             Temple (1/1) D:4

Altars:
Cheibriados
Fedhas
Hepliaklqana
Kikubaaqudgha
Makhleb
Nemelex Xobeh
Qazlal
Ru
Sif Muna
Trog
Uskayaw
Vehumet
Wu Jian
Xom
Yredelemnul
Zin
The Shining One

Shops:
D:4 *(*


Message History

You closely miss the wight.
The wight is severely damaged.
You barely miss the wight. You closely miss the wight.
The wight barely misses you. x2; You block the wight's attack.
The wight barely misses you.
You closely miss the wight.
The wight is severely damaged.
You barely miss the wight. You slash the wight! The wight barely misses you.
The wight hits you but does no damage. x2
The wight closely misses you. The wight barely misses you. x2
The wight hits you but does no damage.
The wight hits you with a +2 dire flail of protection.
You slash the wight!
You destroy the wight!
You barely miss the wight. You hit the wight but do no damage.
The wight closely misses you. The wight hits you but does no damage.
The wight closely misses you.
You have reached level 7!
You hit the wight.
The wight is heavily damaged.
You hit the wight but do no damage.
The wight closely misses you. x2; The wight hits you but does no damage.
You closely miss the wight.
The wight is heavily damaged.
You slash the wight!
You destroy the wight!
The wight barely misses you. x2
You closely miss the wight.
The wight is heavily damaged.
The wight hits you with a +2 dire flail of protection!
You block the wight's attack.
The wight hits you but does no damage. x2
3580 ||| READING 3 scrolls of teleportation.
As you read the scroll of teleportation, it crumbles to dust.
You feel strangely unstable.
The wight hits you but does no damage. x2
You hit the wight.
The wight is almost destroyed.
The wight hits you but does no damage.
The wight hits you from afar with a +0 spear.
You die...

#.######### ....
#.........# ....
##.........#
....###..........#
.................#######
.........##.)..........#
.##...<...#.##)......>.#
............##.........#
..........####..@z.....#
.#........####..)).....#
.................z.....#
..#.......####.........#
..%.......# #....>....#
..#.......# #.........#
..#.......# #.....P...#
.......#### ###..}7#.##
..#.##...


You could see 2 wights.

Vanquished Creatures
  An ogre (D:4)
  3 wights (D:4)
  A quasit (D:4)
  An orc priest (D:4)
  2 iguanas (D:4)
  3 gnolls (D:3)
  3 adders
  A shadow imp (D:4)
  3 white imps (D:4)
  An ufetubus (D:4)
  2 worms
  3 dart slugs
  4 orcs (D:4)
  5 ball pythons
  6 bats
  6 endoplasms
  A giant cockroach (D:2)
  10 hobgoblins
  3 jackals (D:1)
  3 quokkas
  4 frilled lizards
  8 goblins
  6 kobolds
  2 rats (D:3)
82 creatures vanquished.

Notes
Turn   | Place    | Note
-------+----------+-------------------------------------------
     0 | D:1      | qw the Gargoyle Fighter began the quest for the Orb.
     0 | D:1      | Reached XP level 1. HP: 14/14 MP: 1/1
     0 | D:1      | 0 ||| qw: Version: 0.2-a-102-gbcf14f9
     0 | D:1      | 0 ||| qw: Game counter: 378
     0 | D:1      | 0 ||| qw: Always use a shield: true
     0 | D:1      | 0 ||| qw: God list: Okawaru
     0 | D:1      | 0 ||| qw: Allow faded altars: false
     0 | D:1      | 0 ||| qw: Do Orc after D:15 true
     0 | D:1      | 0 ||| qw: Do second Lair branch before Depths: true
     0 | D:1      | 0 ||| qw: Lair rune preference: random
     0 | D:1      | 0 ||| qw: Plans: Normal, Zot:1-4, Slime:5, God:TSO, Crypt,
                  | Tomb, Pan, Hells, Abyss, Win
     0 | D:1      | 0 ||| PLANNING D:1-11
    99 | D:1      | Reached skill level 2 in Axes
   151 | D:1      | 151 ||| Stepping ~*~*~tactically~*~*~ (hiding).
   158 | D:1      | Reached XP level 2. HP: 19/19 MP: 2/2
   635 | D:1      | Reached skill level 3 in Axes
   675 | D:1      | Reached XP level 3. HP: 23/23 MP: 3/3
   909 | D:1      | 909 ||| READING scroll labelled VIRANA CUYPPO.
   910 | D:1      | 910 ||| READING scroll labelled LEULAZ ZUNOOCAE.
   910 | D:1      | Identified a scroll of acquirement
   910 | D:1      | 910 ||| ACQUIRING 825 gold pieces
   910 | D:1      | Acquired 825 gold pieces
   912 | D:1      | 912 ||| READING scroll labelled REODAM KYAKLEO.
   913 | D:1      | 913 ||| READING scroll labelled HIYLIDWUGG.
   917 | D:1      | 917 ||| READING scroll labelled UNIUSS OSURAWIO.
   918 | D:1      | 918 ||| DRINKING 3 silvery potions.
  1003 | D:2      | 1003 ||| DROPPING +0 club.
  1174 | D:2      | 1174 ||| Stepping ~*~*~tactically~*~*~ (hiding).
  1409 | D:2      | Reached XP level 4. HP: 23/28 MP: 4/4
  1703 | D:2      | 1703 ||| UPGRADING to +4 ring of protection.
  1704 | D:2      | 1704 ||| READING 2 scrolls labelled HOXTEF HICVIO.
  1705 | D:2      | 1705 ||| READING scroll labelled HAZ SOINOMP.
  1725 | D:2      | 1725 ||| READING scroll labelled DOLYRHI BITAO.
  2219 | D:3      | 2219 ||| Stepping ~*~*~tactically~*~*~ (stealth).
  2221 | D:3      | 2221 ||| Stepping ~*~*~tactically~*~*~ (hiding).
  2224 | D:3      | 2224 ||| Stepping ~*~*~tactically~*~*~ (hiding).
  2243 | D:3      | Reached skill level 4 in Axes
  2290 | D:3      | 2290 ||| Stepping ~*~*~tactically~*~*~ (stealth).
  2334 | D:3      | Found a burning altar of Makhleb.
  2354 | D:3      | 2354 ||| Stepping ~*~*~tactically~*~*~ (hiding).
  2441 | D:3      | 2441 ||| DROPPING +0 whip.
  2525 | D:3      | 2525 ||| Stepping ~*~*~tactically~*~*~ (hiding).
  2527 | D:3      | 2527 ||| Stepping ~*~*~tactically~*~*~ (hiding).
  2529 | D:3      | 2529 ||| Stepping ~*~*~tactically~*~*~ (hiding).
  2805 | D:3      | 2805 ||| UPGRADING to +0 chain mail.
  2815 | D:3      | 2815 ||| DROPPING +0 scale mail.
  2816 | D:3      | 2816 ||| UPGRADING to +1 cloak.
  2821 | D:3      | 2821 ||| READING 3 scrolls of identify.
  2821 | D:3      | 2821 ||| IDENTIFYING fuming red potion
  2822 | D:3      | 2822 ||| READING 2 scrolls of identify.
  2822 | D:3      | 2822 ||| IDENTIFYING smoky puce potion
  2823 | D:3      | 2823 ||| DROPPING potion of invisibility.
  2829 | D:4      | Found Nollanet's Assorted Antiques.
  2837 | D:4      | Reached XP level 5. HP: 32/32 MP: 5/5
  2851 | D:4      | 2851 ||| BUYING murky dark potion (18 gold).
  2851 | D:4      | Bought a murky dark potion for 18 gold pieces
  2851 | D:4      | 2851 ||| BUYING pitted chain mail (190 gold).
  2851 | D:4      | Bought a pitted chain mail for 190 gold pieces
  2851 | D:4      | Identified the +1 chain mail "Vinaplogh" {rF+} (You bought
                  | it in a shop on level 4 of the Dungeon)
  2851 | D:4      | 2851 ||| BUYING runed fluorescent wand (80 gold).
  2851 | D:4      | Bought a runed fluorescent wand for 80 gold pieces
  2851 | D:4      | 2851 ||| BUYING scroll labelled XAOQ NEKIESOX (20 gold).
  2851 | D:4      | Bought a scroll labelled XAOQ NEKIESOX for 20 gold pieces
  2851 | D:4      | 2851 ||| BUYING scroll of teleportation (60 gold).
  2851 | D:4      | Bought a scroll of teleportation for 60 gold pieces
  2887 | D:4      | Found Napn's General Store.
  2893 | D:4      | 2893 ||| BUYING 2 potions of curing (72 gold).
  2893 | D:4      | Bought 2 potions of curing for 72 gold pieces
  2893 | D:4      | 2893 ||| BUYING potion of curing (36 gold).
  2893 | D:4      | Bought a potion of curing for 36 gold pieces
  2893 | D:4      | 2893 ||| BUYING potion of haste (120 gold).
  2893 | D:4      | Bought a potion of haste for 120 gold pieces
  2893 | D:4      | 2893 ||| BUYING scroll of identify (24 gold).
  2893 | D:4      | Bought a scroll of identify for 24 gold pieces
  2942 | D:4      | Reached skill level 5 in Axes
  3072 | D:4      | 3072 ||| FLEEEEING.
  3147 | D:4      | Found a staircase to the Ecumenical Temple.
  3148 | D:4      | 3148 ||| PLANNING TEMPLE
  3148 | D:4      | 3148 ||| Stepping ~*~*~tactically~*~*~ (stealth).
  3149 | D:4      | 3149 ||| UPGRADING to +1 chain mail "Vinaplogh" {rF+}.
  3157 | D:4      | 3157 ||| UPGRADING to +1 chain mail "Vinaplogh" {rF+}.
  3162 | D:4      | 3162 ||| DROPPING +0 chain mail.
  3163 | D:4      | 3163 ||| READING scroll labelled XAOQ NEKIESOX.
  3164 | D:4      | 3164 ||| READING 2 scrolls of identify.
  3164 | D:4      | 3164 ||| IDENTIFYING murky dark potion
  3165 | D:4      | 3165 ||| DROPPING wand of iceblast (6).
  3189 | D:4      | Reached XP level 6. HP: 37/38 MP: 6/6
  3200 | D:4      | 3200 ||| Stepping ~*~*~tactically~*~*~ (stealth).
  3201 | D:4      | 3201 ||| Stepping ~*~*~tactically~*~*~ (stealth).
  3227 | Temple   | Entered the Ecumenical Temple
  3282 | Temple   | 3282 ||| PLANNING D:1-11
  3308 | D:4      | Found Iwkiuwka's Antique Weapon Shoppe.
  3312 | D:4      | 3312 ||| BUYING runed hand axe (144 gold).
  3312 | D:4      | Bought a runed hand axe for 144 gold pieces
  3312 | D:4      | 3312 ||| DROPPING +0 flail.
  3330 | D:4      | Found a glowing silver altar of Zin.
  3419 | D:4      | 3419 ||| FLEEEEING.
  3518 | D:4      | Found a stormy altar of Qazlal.
  3531 | D:4      | Reached skill level 6 in Axes
  3546 | D:4      | 3546 ||| Stepping ~*~*~tactically~*~*~ (stealth).
  3552 | D:4      | 3552 ||| Stepping ~*~*~tactically~*~*~ (stealth).
  3565 | D:4      | Reached skill level 1 in Dodging
  3577 | D:4      | Reached XP level 7. HP: 12/43 MP: 7/7
  3579 | D:4      | HP: 2/43 [wight/+2 dire flail of protection (11)]
  3580 | D:4      | 3580 ||| READING 3 scrolls of teleportation.
  3581 | D:4      | Slain by a wight

Levels and vault maps discovered:
D:1:      lemuel_arrival_river_ford, layout_loops_ring, dk_noncrumbling_3
D:2:      layout_basic
D:3:      layout_basic, mainiacjoe_overflow_paths
D:4:      layout_rooms, mainiacjoe_overflow_brackets, amcnicky_altar_gilded,
          minmay_temple_entry_statues_fountains, serial_demonic,
          serial_demonic_e, serial_demonic_b, serial_demonic_a,
          serial_demonic_c, serial_shops, shop, shop, shop,
          nicolae_shop_pleasant_corner_grove
Temple:   eino_temple_lava

Skill      XL: |  1  2  3  4  5  6 |
---------------+-------------------+-----
Axes           | 2 3 4 5 6 |  6.5
Fighting       | 4 |  4.0
Dodging        | 1 |  1.2
Armour         | |  3.2
Shields        | |  3.2

Action                     |  1- 3 |  4- 6 |  7- 9 || total
---------------------------+-------+-------+-------++-------
  Melee: War axe           |   106 |   146 |     4 ||   256
  Throw: Boomerang         |       |    33 |       ||    33
    Use: Scroll            |     5 |     7 |     1 ||    13
         Potion            |     1 |       |       ||     1
 Armour: Scale mail        |    62 |    34 |       ||    96
         Chain mail        |       |    63 |     6 ||    69
  Dodge: Dodged            |    41 |    72 |     4 ||   117
  Block: Buckler           |    23 |    28 |     1 ||    52

Table legend:
 A = Non-vault XP
 B = Vault XP
 C = Vault XP percentage of total XP
 D = Non-vault monster count
 E = Vault monster count
 F = Vault count percentage of total count
                 A         B        C        D         E       F
            +---------+---------+-------+---------+---------+-------
      Total |     663 |      95 |  12.5 |      76 |       6 |   7.3
            +---------+---------+-------+---------+---------+-------
        D:1 |      39 |       0 |   0.0 |      22 |       0 |   0.0
        D:2 |      44 |       0 |   0.0 |      15 |       0 |   0.0
        D:3 |      75 |       0 |   0.0 |      20 |       0 |   0.0
        D:4 |     505 |      95 |  15.8 |      19 |       6 |  24.0
            +---------+---------+-------+---------+---------+-------
